 Dungeon Sprint DCSS version 0.27.1 (webtiles) character file.

Game seed: 12010841293478359672

7994 styxcanada the Imperceptible (level 11, -7/88 HPs)
             Began as a Spriggan Brigand on Aug 31, 2021.
             Was an Initiate of Gozag.
             Mangled by a spriggan defender (13 damage)
             ... in the Dungeon (Sprint IV: "Fedhas' Mad Dash").
             The game lasted 00:12:09 (1454 turns).

styxcanada the Imperceptible (Spriggan Brigand)     Turns: 1454, Time: 00:12:09

Health: -7/88      AC:  4    Str:  7    XL:     11   Next: 4%
Magic:  16/16      EV: 30    Int: 13    God:    Gozag
Gold:   1459       SH:  9    Dex: 26    Spells: 9/15 levels left

rFire    . . .     SeeInvis +   r - +1 short sword (speed)
rCold    . . .     Faith    .   o - +0 buckler
rNeg     . . .     Spirit   .   b - +0 robe
rPois    .         Reflect  .   (helmet restricted)
rElec    .         Harm     .   c - +1 cloak
rCorr    .         Rampage  .   (gloves unavailable)
Will     +....     NoTele   +   (boots unavailable)
Stlth    ..........             l - amulet of invisibility {+Inv}
HPRegen  0.24/turn              m - +6 ring of dexterity
MPRegen  0.15/turn              (no ring)

@: berserking (expiring), very slightly contaminated, very quick
A: very small, no large weapons, unfitting armour, see invisible, speed 3
a: Renounce Religion, Evoke Invisibility, Potion Petition, Call Merchant, Bribe
Branch


You were in the Dungeon.
You worshipped Gozag.
Gozag was most pleased with you.
You visited 1 branch You collected 2488 gold pieces.
You spent 1029 gold pieces at shops.

Inventory:

Hand Weapons
 a - a +2 dagger
 q - a +2 falchion of holy wrath
 r - a +1 short sword of speed (weapon)
Missiles
 s - 38 stones (quivered)
Armour
 b - a +0 robe (worn)
 c - a +1 cloak (worn)
 o - a +0 buckler (worn)
Jewellery
 l - the amulet of invisibility (around neck) {+Inv}
   (You found it in the Dungeon)

   [amulet of nothing]

   +Inv:      It lets you turn invisible.
 m - a +6 ring of dexterity (left hand)
 p - the amulet "Iceu" {Reflect rF+ rC+ SH+5 Stlth+}
   (You found it in the Dungeon)

   [amulet of reflection]

   It reflects blocked missile attacks.
   rF:        It protects you from fire.
   rC:        It protects you from cold.
   SH:        It affects your SH (+5).
   Stlth:     It makes you more stealthy.
Scrolls
 k - 2 scrolls of blinking
 t - a scroll of acquirement
 u - 2 scrolls of identify
 v - a scroll of magic mapping
 w - a scroll of enchant weapon
Potions
 f - 2 potions of curing
 g - 4 potions of heal wounds
 h - a potion of haste
 i - 2 potions of magic
 n - 3 potions of might


   Skills:
 * Level 7.7 Fighting
 + Level 6.4 Short Blades
 + Level 4.9 Throwing
 * Level 11.4 Dodging
 * Level 24.9 Stealth
 * Level 5.8 Shields
 * Level 2.8 Spellcasting
 * Level 2.9 Hexes
 * Level 3.3 Translocations
 * Level 13.5 Evocations


You had 9 spell levels left.
You knew the following spells:

 Your Spells              Type           Power      Damage    Failure   Level
a - Blink                 Tloc           N/A        N/A       10%         2
b - Cause Fear            Hex            4%         N/A       61%         4

Your spell library contained the following spells:

 Spells                   Type           Power      Damage    Failure   Level
 Lesser Beckoning         Tloc           5%         N/A       21%         3
 Manifold Assault         Tloc           10%        N/A       88%         5
 Metabolic Englaciation   Hex/Ice        2%         N/A       98%         5
 Invisibility             Hex            4%         N/A       100%        6


Dungeon Overview and Level Annotations

Branches:
Dungeon (1/1)

Altars:
Cheibriados
Dithmenos
Elyvilon
Gozag
Hepliaklqana
Kikubaaqudgha
Makhleb
Nemelex Xobeh
Okawaru
Qazlal
Ru
Sif Muna
Trog
Uskayaw
Vehumet
Wu Jian
Xom
Yredelemnul
Zin
The Shining One
Beogh
Jiyva
Lugonu

Shops:
D ![[[*!:?


Innate Abilities, Weirdness & Mutations

You are very small and have problems with some larger weapons.
You are too small for most types of armour.
You have supernaturally acute eyesight. (SInv)
You cover ground extremely quickly. (Speed+++)


Message History

You block the spriggan defender's attack.
You hit the spriggan defender but do no damage.
You hit the spriggan defender.
The spriggan defender is lightly wounded.
You block the spriggan defender's attack.
The spriggan defender blocks your attack.
The spriggan defender is lightly wounded.
The spriggan defender hits you with a +1 flail of protection!
You completely miss the spriggan defender.
The spriggan defender is lightly wounded.
You miss the spriggan defender.
The spriggan defender is lightly wounded.
The spriggan defender closely misses you.
You miss the spriggan defender.
The spriggan defender is lightly wounded.
You puncture the spriggan defender!
The spriggan defender is lightly wounded.
The spriggan defender hits you with a +1 flail of protection!
* * * LOW HITPOINT WARNING * * *
You barely miss the spriggan defender.
The spriggan defender is lightly wounded.
The spriggan defender blocks your attack.
The spriggan defender is lightly wounded.
You block the spriggan defender's attack.
You completely miss the spriggan defender.
The spriggan defender is lightly wounded.
The spriggan defender completely misses you.
Your shield prevents you from hitting the spriggan defender.
The spriggan defender is lightly wounded.
The spriggan defender blocks your attack.
The spriggan defender is lightly wounded.
The spriggan defender blocks your attack.
The spriggan defender is lightly wounded.
The spriggan defender hits you with a +1 flail of protection!
* * * LOW HITPOINT WARNING * * *
The spriggan defender blocks your attack.
The spriggan defender is lightly wounded.
The spriggan defender hits you with a +1 flail of protection!
You die...
Your body crumbles into a pile of gold.

#################################
....#.⌠._._._._.⌠.#..'.))#....##∩
#...'.._._._._.i@.'..#!..#....'..
#...#..._._._._...#..###'##...##∩
##'##.._._._._._..#.(##∩∩.'...###
(...#._._._._._.⌠.###############
#...###################.....(###.
#####♣♣♣♣♣..♣[###.'.)'.....(.'.'.
#..'.(....♣..♣##..#..#.P.....####
..(#♣..♣♣♣.♣).###.##(##.P....#
...#.♣♣..♣...♣'(..#♣.♣########


You could see a spriggan defender.

Vanquished Creatures
  Agnes (D)
  A spriggan berserker (D)
  A spriggan druid (D)
  6 oklob plants (D)
  A demonic crawler (D)
  3 burning bushes (D)
  3 wandering mushrooms (D)
  A hornet (D)
  A queen bee (D)
  3 scorpions (D)
  4 killer bees (D)
  5 oklob saplings (D)
  5 spriggans (D)
  A river rat (D)
  A rat (D)
  A ballistomycete spore (D)
38 creatures vanquished.

Vanquished Creatures (others)
  A fungus (D)
1 creature vanquished.

Grand Total: 39 creatures vanquished

Notes
Turn   | Place    | Note
-------+----------+-------------------------------------------
     0 | D        | styxcanada the Spriggan Brigand began the quest for the
                  | Orb.
     0 | D        | Reached XP level 1. HP: 10/10 MP: 2/2
    20 | D        | Reached skill level 7 in Stealth
    20 | D        | Reached XP level 2. HP: 14/15 MP: 3/3
    33 | D        | Reached skill level 8 in Stealth
    40 | D        | Noticed an oklob sapling
    42 | D        | Killed an oklob sapling
    43 | D        | Reached skill level 9 in Stealth
    43 | D        | Reached XP level 3. HP: 18/18 MP: 4/4
   144 | D        | Noticed a scorpion
   144 | D        | Found the amulet of invisibility {+Inv}
   146 | D        | Killed a scorpion
   147 | D        | Reached skill level 12 in Stealth
   147 | D        | Reached XP level 4. HP: 23/23 MP: 5/5
   177 | D        | Found an opulent altar of Gozag.
   177 | D        | Found a hazy altar of Hepliaklqana.
   177 | D        | Found a burning altar of Makhleb.
   177 | D        | Found a sparkling altar of Nemelex Xobeh.
   177 | D        | Found a snail-covered altar of Cheibriados.
   177 | D        | Found a sacrificial altar of Ru.
   177 | D        | Found a shimmering blue altar of Sif Muna.
   177 | D        | Found a shimmering altar of Xom.
   177 | D        | Found a basalt altar of Yredelemnul.
   178 | D        | Found a viscous altar of Jiyva.
   178 | D        | Found a bloodstained altar of Trog.
   178 | D        | Found an ornate altar of the Wu Jian Council.
   179 | D        | Found an iron altar of Okawaru.
   179 | D        | Found a shadowy altar of Dithmenos.
   179 | D        | Found a glowing silver altar of Zin.
   180 | D        | Found an ancient bone altar of Kikubaaqudgha.
   180 | D        | Found a hide-covered altar of Uskayaw.
   181 | D        | Found a stormy altar of Qazlal.
   181 | D        | Found a white marble altar of Elyvilon.
   181 | D        | Found a glowing golden altar of the Shining One.
   182 | D        | Became a worshipper of Gozag Ym Sagoz the Greedy
   183 | D        | Found a corrupted altar of Lugonu.
   183 | D        | Found a radiant altar of Vehumet.
   187 | D        | Reached skill level 13 in Stealth
   187 | D        | Reached XP level 5. HP: 28/28 MP: 3/6
   199 | D        | Reached skill level 5 in Dodging
   199 | D        | Reached skill level 14 in Stealth
   199 | D        | Reached skill level 1 in Evocations
   257 | D        | Reached skill level 15 in Stealth
   259 | D        | Reached XP level 6. HP: 33/33 MP: 4/7
   286 | D        | Found Saemecuila's Armour Shop.
   286 | D        | Found Ipnuprag's Distillery.
   292 | D        | Bought a potion of might for 40 gold pieces
   292 | D        | Bought a potion of might for 40 gold pieces
   292 | D        | Bought a potion of heal wounds for 50 gold pieces
   292 | D        | Bought a potion of degeneration for 10 gold pieces
   318 | D        | Noticed a burning bush
   318 | D        | Noticed a wandering mushroom
   319 | D        | Noticed a wandering mushroom
   322 | D        | Killed a burning bush
   323 | D        | Reached skill level 17 in Stealth
   323 | D        | Reached skill level 1 in Shields
   323 | D        | Killed a wandering mushroom
   324 | D        | Reached skill level 18 in Stealth
   324 | D        | Reached XP level 7. HP: 38/38 MP: 5/8
   324 | D        | Killed a wandering mushroom
   325 | D        | Reached skill level 5 in Fighting
   325 | D        | Reached skill level 5 in Evocations
   339 | D        | Found Estasait's Distillery.
   339 | D        | Found Ucwekugec's General Store.
   347 | D        | Bought a scroll of identify for 26 gold pieces
   349 | D        | Bought 2 potions of heal wounds for 130 gold pieces
   349 | D        | Bought a potion of berserk rage for 65 gold pieces
   396 | D        | Reached skill level 19 in Stealth
   396 | D        | Reached XP level 8. HP: 43/43 MP: 6/9
   402 | D        | Noticed a queen bee
   428 | D        | Killed a queen bee
   435 | D        | HP: 2/44 [poisoned by a queen bee]
   754 | D        | Noticed an oklob plant
   757 | D        | Killed an oklob plant
   758 | D        | Reached skill level 20 in Stealth
   770 | D        | Noticed a burning bush
   773 | D        | Killed a burning bush
   774 | D        | Reached skill level 5 in Short Blades
   774 | D        | Reached XP level 9. HP: 48/48 MP: 8/10
   825 | D        | Noticed a burning bush
   825 | D        | Noticed an oklob plant
   826 | D        | Noticed a wandering mushroom
   827 | D        | Killed a burning bush
   828 | D        | Reached skill level 21 in Stealth
   832 | D        | Killed an oklob plant
   836 | D        | Killed a wandering mushroom
   837 | D        | Reached skill level 22 in Stealth
   837 | D        | Reached skill level 10 in Evocations
   900 | D        | Noticed a spriggan druid
   902 | D        | Killed a spriggan druid
   903 | D        | Reached skill level 10 in Dodging
   986 | D        | Noticed an oklob plant conjurer
   987 | D        | Killed an oklob plant conjurer
  1061 | D        | Noticed an oklob plant
  1061 | D        | Noticed an oklob plant summoner
  1062 | D        | Noticed an oklob plant shifter
  1066 | D        | Killed an oklob plant
  1067 | D        | Reached skill level 23 in Stealth
  1067 | D        | Reached XP level 10. HP: 53/53 MP: 8/11
  1072 | D        | Killed an oklob plant summoner
  1074 | D        | Killed an oklob plant shifter
  1095 | D        | Identified a scroll of acquirement
  1170 | D        | Reached skill level 5 in Shields
  1251 | D        | Noticed a spriggan rider
  1252 | D        | Found Xaosh's Book Emporium.
  1256 | D        | Found Denn's Magic Scroll Shoppe.
  1260 | D        | Killed a spriggan rider
  1261 | D        | Reached skill level 24 in Stealth
  1280 | D        | Identified the amulet "Iceu" {Reflect rF+ rC+ SH+5 Stlth+}
  1287 | D        | Bought Fiqurysm's Grimoire of Malediction for 504 gold
                  | pieces
  1290 | D        | Learned a level 2 spell: Blink
  1295 | D        | Learned a level 4 spell: Cause Fear
  1297 | D        | Bought a scroll of identify for 22 gold pieces
  1297 | D        | Bought a scroll of identify for 22 gold pieces
  1297 | D        | Bought a scroll of magic mapping for 38 gold pieces
  1297 | D        | Bought a scroll of enchant weapon for 82 gold pieces
  1349 | D        | Noticed Agnes
  1351 | D        | Found Piowki's Armour Emporium.
  1351 | D        | Noticed a spriggan berserker
  1353 | D        | Found Kaitosh's Armour Shoppe.
  1355 | D        | Killed Agnes
  1359 | D        | Killed a spriggan berserker
  1360 | D        | Reached XP level 11. HP: 59/59 MP: 10/16
  1369 | D        | Noticed a spriggan defender
  1454 | D        | Mangled by a spriggan defender

Illustrated notes

Levels and vault maps discovered:
D:        dungeon_sprint_fedhas [sprint_temple]

Skill      XL: |  1  2  3  4  5  6  7  8  9 10 |
---------------+-------------------------------+-----
Dodging        | 2 3 4 5 7 9 10 11 | 11.4
Stealth        | 7 9 12 13 15 18 19 20 23 24 | 24.9
Fighting       | 2 3 4 5 6 7 |  7.7
Throwing       | 3 4 |  4.9
Short Blades   | 3 4 5 6 |  6.4
Evocations     | 2 4 5 8 11 13 | 13.5
Shields        | 2 3 4 5 |  5.8
Spellcasting   | 2 |  2.8
Hexes          | 2 |  2.9
Translocations | 3 |  3.3

Action                   |  1- 3 |  4- 6 |  7- 9 | 10-12 || total
-------------------------+-------+-------+-------+-------++-------
Melee: Dagger            |    10 |     7 |    26 |       ||    43
       Short sword       |       |       |     4 |    38 ||    42
Throw: Dart              |     8 |       |       |    10 ||    18
       Stone             |       |       |       |     1 ||     1
 Abil: Evoke Invisibilit |       |     3 |     7 |     3 ||    13
  Use: Scroll            |       |     1 |       |     1 ||     2
       Potion            |       |       |     2 |     2 ||     4
 Stab: Sleeping          |     2 |     6 |    13 |     6 ||    27
       Invisible         |       |     1 |     5 |     1 ||     7
Armor: Robe              |       |       |     1 |     1 ||     2
Dodge: Dodged            |     3 |       |    39 |    22 ||    64
Block: Buckler           |       |       |    13 |     8 ||    21
